AoeStats
← penguin952730

Arena

510355833Analyzed
2v2 RM · 2d ago on Sep 30, 2026· 55m 52s· 4 players
Game mode
Random Map
Map size
Medium (4 player)
Population
200
Speed
Normal
Resources
Standard
Victory
Conquest
Starting age
Dark Age
Ending age
Imperial Age
RankedLock teamsTeams togetherTeam positionsShared explorationLock speedFull tech treeHidden civsTurbo modeCheats
Victory
Defeat
🇺🇸 Varangians · United States
1219
+17
🇹🇼 Mongols · Taiwan
1204
+18
🇺🇸 Bohemians · United States
1263
-19
🇳🇱 Inca · Netherlands
1218
-16
defmester
5:20 Loom
11:53 Feudal Age
16:01 Castle Age
15:10 Horse Collar
15:53 Double-Bit Axe
25:16 Imperial Age
26:26 Wheelbarrow
26:41 Scale Mail Armor
27:23 Forging
29:04 Iron Casting
29:13 Chain Mail Armor
32:30 Heavy Plow
32:42 Bow Saw
34:25 Blast Furnace
35:44 Plate Mail Armor
37:30 Fletching
37:11 Elite Kamayuk
38:14 Conscription
40:50 Fabric Shields
40:20 Champi Runner
41:01 Squires
40:47 Arson
41:43 Bodkin Arrow
41:27 Champi Warrior
43:06 Elite Champi Warrior
Nandor the Relenting
9:30 Feudal Age
8:23 Loom
13:22 Castle Age
12:07 Double-Bit Axe
18:32 Sanctity
19:30 Fervor
20:52 Redemption
28:05 Imperial Age
29:41 Illumination
29:35 Block Printing
30:00 Theocracy
31:47 Chemistry
33:29 Conscription
FozzyLumbits
10:39 Feudal Age
12:01 Loom
12:20 Double-Bit Axe
14:47 Castle Age
12:55 Horse Collar
17:59 Fletching
19:32 Squires
19:33 Gold Mining
21:19 Town Watch
22:17 Wheelbarrow
23:01 Bow Saw
22:57 Heavy Plow
24:16 Bodkin Arrow
29:25 Imperial Age
27:27 Scale Mail Armor
27:38 Forging
28:48 Gambesons
33:49 Crop Rotation
34:20 Two-Man Saw
33:01 Onager
34:43 Hand Cart
37:52 Elite Varangian Guard
37:57 Capped Ram
38:39 Stone Mining
39:26 Arson
40:04 Siege Ram
42:07 Chain Mail Armor
42:27 Iron Casting
51:06 Plate Mail Armor
51:36 Blast Furnace
50:49 Man-at-Arms
53:39 Conscription
penguin952730
10:40 Feudal Age
11:56 Loom
15:06 Castle Age
13:09 Double-Bit Axe
14:10 Horse Collar
15:58 Heavy Plow
18:29 Bow Saw
22:02 Ballistics
21:35 Fletching
23:14 Gold Mining
24:33 Bodkin Arrow
25:42 Padded Archer Armor
29:27 Imperial Age
27:55 Leather Archer Armor
28:15 Thumb Ring
28:32 Bloodlines
29:18 Wheelbarrow
29:07 Husbandry
29:11 Stone Mining
30:45 Bracer
31:58 Light Cavalry
34:07 Conscription
36:36 Forging
37:34 Scale Barding Armor
39:00 Elite Mangudai
39:45 Hussar
41:19 Drill
41:40 Iron Casting
42:51 Chemistry
42:08 Capped Ram
45:14 Blast Furnace
44:42 Chain Barding Armor
45:29 Siege Ram
46:22 Masonry
46:43 Hand Cart
50:27 Siege Engineers
50:41 Town Watch
52:34 Town Patrol
Connection lost

Rejoining the realm…

Still unreachable

The connection could not be restored.

Session expired

The server has moved on; the page needs a fresh start.